 Dungeon Crawl Stone Soup version 0.28-a0-771-g91a516d0e7 (webtiles) character file.

Game seed: 14510952895594015920

8029 KennyOmg the Severer (level 11, -11/156 HPs)
             Began as a Minotaur Berserker on Nov 1, 2021.
             Was an Elder of Trog.
             Mangled by a manticore (18 damage)
             ... on level 9 of the Dungeon.
             The game lasted 00:09:10 (12533 turns).

KennyOmg the Severer (Minotaur Berserker)          Turns: 12533, Time: 00:09:10

Health: -11/156    AC: 14    Str: 24    XL:     11   Next: 4%
Magic:  19/19      EV:  7    Int:  6    God:    Trog [****..]
Gold:   453        SH:  0    Dex:  9    Spells: 10/10 levels left

rFire   . . .      SeeInvis .   D - +3 war axe (freeze)
rCold   . . .      Faith    +   (no shield)
rNeg    . . .      Spirit   .   K - +0 plate armour
rPois   .          Reflect  .   (helmet restricted)
rElec   .          Harm     .   A - +0 cloak
rCorr   .          Rampage  .   (no gloves)
Will    ++...                   (no boots)
Stlth   ..........              G - amulet of faith {!P}
HPRegen 1.36/turn               q - ring of magical power
MPRegen 0.16/turn               (no ring)

@: berserking, strong-willed, regenerating, very quick
A: horns 2, retaliatory headbutt
a: Renounce Religion, Berserk, Trog's Hand, Brothers in Arms


You were on level 9 of the Dungeon.
You worshipped Trog.
Trog was greatly pleased with you.
You visited 1 branch of the dungeon, and saw 10 of its levels.

You collected 453 gold pieces.

Inventory:

Hand Weapons
 D - a +3 war axe of freezing (weapon)
   (You took it off a wight on level 7 of the Dungeon)
Armour
 A - a +0 cloak (worn)
   (You took it off Crazy Yiuf on level 6 of the Dungeon)
 K - a +0 plate armour (worn)
   (You took it off an orc warrior on level 8 of the Dungeon)
Jewellery
 e - an amulet of regeneration
   (You found it on level 10 of the Dungeon)
 i - a ring of protection from fire
   (You found it on level 10 of the Dungeon)
 q - a ring of magical power (left hand)
   (You found it on level 6 of the Dungeon)
 w - a ring of flight
   (You found it on level 9 of the Dungeon)
 G - an amulet of faith (around neck) {!P}
   (You found it on level 8 of the Dungeon)
Wands
 d - a wand of iceblast (15)
   (You found it on level 9 of the Dungeon)
 t - a wand of flame (28)
   (You took it off Jessica on level 3 of the Dungeon)
 u - a wand of paralysis (20)
   (You found it on level 6 of the Dungeon)
 v - a wand of digging (12)
   (You found it on level 4 of the Dungeon)
 y - a wand of mindburst (38)
   (You found it on level 5 of the Dungeon)
 C - a wand of polymorph (16)
   (You found it on level 7 of the Dungeon)
Scrolls
 a - a scroll of enchant weapon {unknown}
 b - a scroll of torment {unknown}
 c - 2 scrolls of noise {unknown}
 h - 6 scrolls of identify {unknown}
 k - a scroll of enchant armour {unknown}
 o - a scroll of acquirement {unknown}
 E - 2 scrolls of magic mapping {unknown}
 F - a scroll of fear {unknown}
 H - a scroll of teleportation {unknown}
 I - 3 scrolls of fog {unknown}
 J - 3 scrolls of amnesia {unknown}
Potions
 f - 2 potions of might {unknown}
 g - a potion of berserk rage {unknown}
 j - 2 potions of attraction {unknown}
 l - 4 potions of haste {unknown}
 m - 4 potions of curing {unknown}
 n - 5 potions of flight {unknown}
 p - a potion of invisibility {unknown}
 r - a potion of degeneration {unknown}
 s - 2 potions of brilliance {unknown}
 x - 3 potions of ambrosia {unknown}
 z - 4 potions of lignification {unknown}
 B - 2 potions of heal wounds {unknown}
 L - 3 potions of cancellation {unknown}


   Skills:
 + Level 12.0 Fighting
 - Level 16.0 Axes
 + Level 6.2 Armour
 - Level 2.1 Dodging


You had 10 spell levels left.
You didn't know any spells.
Your spell library was empty.

Dungeon Overview and Level Annotations

Branches:
Dungeon (10/15)            Temple (0/1) D:7
   Lair: D:8-11         Orc: D:9-12

Altars:
Dithmenos
Elyvilon
Kikubaaqudgha
Okawaru
Vehumet
Xom

Shops:
D:6 *   D:7 ?   D:9 :


Innate Abilities, Weirdness & Mutations

You have a pair of horns on your head.
You reflexively headbutt those who attack you in melee.


Message History

The centaur warrior shoots an arrow.
The arrow hits you!
Your skin crawls.
You feel strong-willed. Trog will no longer gift you weapons.
The centaur warrior shoots an arrow.
The arrow barely misses your ogre. The arrow hits you.
The orc warrior hits your ogre with a +0 long sword!
Your ogre barely misses the centaur warrior.
Unknown command.
The barbs in your skin will harm you if you move.
Continue?
Okay, then.
Your ogre hits the orc warrior with a +0 giant club!!
The manticore bites your ogre!! The manticore barely misses your ogre.
The manticore claws your ogre.
The orc warrior hits your ogre with a +0 long sword.
Your ogre hits the centaur warrior with a +0 giant club!!
The centaur warrior shoots an arrow.
The arrow hits you.
Your ogre hits the orc warrior with a +0 giant club!
The orc warrior dies!
Trog accepts your kill.
The manticore flicks its tail.
The volley of spikes hits your ogre!
Your ogre dies!
Your ogre's corpse disappears in a puff of smoke!
The centaur warrior shoots an arrow.
The arrow hits you!!
* * * LOW HITPOINT WARNING * * *
Your ogre closely misses the centaur warrior.
You fail to use your ability.
The centaur warrior shoots an arrow.
The arrow hits you!
* * * LOW HITPOINT WARNING * * *
Your ogre hits the centaur warrior with a +0 giant club!!
The centaur warrior dies!
Trog accepts your kill.
Training target 16.0 for Axes reached!
Your Fighting skill increases to level 12!
Your Axes skill increases to level 16!
Your Armour skill increases to level 6!
You have reached level 11!
A red film seems to cover your vision as you go berserk!
You feel yourself moving faster!
You feel mighty!
You rip and tear the barbed spikes from your body.
Your ogre rages.
The manticore bites you!!
* * * LOW HITPOINT WARNING * * *
The manticore claws you.
* * * LOW HITPOINT WARNING * * *
The manticore claws you!
* * * LOW HITPOINT WARNING * * *
You slash the manticore! You freeze the manticore. The manticore bites you!!
You die...

#......>.
#.......#
###+##...
#.......#
#...#'##
#..#..$$)..#
#...#..#
#..#..$[$..#
#...'..#
#..#..($?.)#
#...#..#
#..#.......#
##...#..#
#..#...O...#
#'...#..#
#..####@####..
##...#...
#.......H)....#
#...#...
#>............#
#...#.##
###############
#...#.##
########


You could see a manticore (ally target) and a friendly ogre (summoned, berserk).

Vanquished Creatures
  A two-headed ogre (D:10)
  A komodo dragon (D:10)
  Psyche (D:8)
  A troll (D:9)
  Grinder (D:3)
  Prince Ribbit (D:6)
  A slime creature (D:9)
  Sigmund (D:5)
  12 yaks (D:10)
  Menkaure (D:6)
  An acid dragon (D:9)
  Edmund (D:6)
  2 orc warriors
  A black bear (D:6)
  A sky beast (D:7)
  An ice beast (D:6)
  2 ogres
  2 necrophages (D:7)
  4 centaurs
  3 phantoms
  2 kobold brigands
  Blork the orc (D:5)
  4 bullfrogs
  4 scorpions
  A water moccasin zombie (D:7)
  A wight (D:7)
  A howler monkey (D:4)
  2 jellies
  3 centaur zombies
  3 orc priests
  2 gnoll shamans
  2 hounds (D:6)
  2 centaur skeletons
  Crazy Yiuf (D:6)
  Jessica (D:3)
  4 iguanas
  10 orc wizards
  A killer bee zombie (D:6)
  3 howler monkey zombies
  8 gnolls
  3 adders
  A white imp (D:5)
  2 ufetubi
  2 worms
  3 dart slugs
  25 orcs
  6 ball pythons
  4 endoplasms
  2 giant cockroaches
  6 goblins
  11 hobgoblins
  2 jackals (D:2)
  2 quokkas
  2 bats
  16 kobolds
  3 rats
185 creatures vanquished.

Vanquished Creatures (collateral kills)
  A centaur warrior (D:9)
  An orc warrior (D:9)
2 creatures vanquished.

Vanquished Creatures (others)
  4 withered plants (D:7)
4 creatures vanquished.

Grand Total: 191 creatures vanquished

Notes
Turn   | Place    | Note
-------+----------+-------------------------------------------
     0 | D:1      | KennyOmg the Minotaur Berserker began the quest for the
                  | Orb.
     0 | D:1      | Reached XP level 1. HP: 19/19 MP: 0/0
   202 | D:1      | Reached skill level 4 in Axes
   411 | D:1      | Reached XP level 2. HP: 19/27 MP: 1/1
  1435 | D:2      | Reached XP level 3. HP: 22/33 MP: 2/2
  1460 | D:2      | Noticed a scorpion
  1481 | D:2      | Killed a scorpion
  1481 | D:2      | Reached ** piety under Trog
  1482 | D:2      | Reached skill level 5 in Axes
  1482 | D:2      | Reached XP level 4. HP: 19/41 MP: 3/3
  1983 | D:3      | Noticed Grinder
  1994 | D:3      | Killed Grinder
  1995 | D:3      | Reached skill level 5 in Fighting
  1995 | D:3      | Reached skill level 7 in Axes
  1995 | D:3      | Reached XP level 5. HP: 49/49 MP: 4/4
  1995 | D:3      | Reached XP level 6. HP: 56/56 MP: 5/5
  2017 | D:3      | Found a white marble altar of Elyvilon.
  2060 | D:3      | You fall into a shaft and drop 3 floors!
  2093 | D:6      | Reached skill level 8 in Axes
  2815 | D:6      | Found Nioda's General Store.
  2831 | D:6      | Reached XP level 7. HP: 63/64 MP: 6/6
  3103 | D:6      | Noticed Prince Ribbit
  3109 | D:6      | Killed Prince Ribbit
  3110 | D:6      | Reached skill level 9 in Axes
  3490 | D:5      | Entered Level 5 of the Dungeon
  4155 | D:4      | Found an iron altar of Okawaru.
  4160 | D:4      | Reached XP level 8. HP: 72/73 MP: 7/7
  4270 | D:3      | Noticed Jessica
  4276 | D:3      | Killed Jessica
  4538 | D:3      | Found an ancient bone altar of Kikubaaqudgha.
  4606 | D:3      | Reached skill level 10 in Axes
  5619 | D:5      | Noticed Sigmund
  5624 | D:5      | Killed Sigmund
  5853 | D:5      | Reached *** piety under Trog
  5854 | D:5      | Reached skill level 11 in Axes
  5910 | D:5      | Noticed Blork the orc
  5921 | D:5      | Killed Blork the orc
  6940 | D:6      | Noticed Edmund
  6953 | D:6      | Killed Edmund
  7410 | D:6      | Found a shimmering altar of Xom.
  7426 | D:6      | Reached skill level 12 in Axes
  7426 | D:6      | Reached XP level 9. HP: 42/83 MP: 8/8
  7670 | D:6      | Noticed Menkaure
  7676 | D:6      | Killed Menkaure
  7841 | D:6      | Found a runed translucent door.
  7842 | D:6      | Noticed Crazy Yiuf
  7995 | D:6      | Killed Crazy Yiuf
  8265 | D:7      | Found Qougoh's Magic Scroll Shoppe.
  8625 | D:7      | Reached skill level 13 in Axes
  8974 | D:7      | Found a staircase to the Ecumenical Temple.
  8988 | D:7      | Reached **** piety under Trog
  9019 | D:7      | Reached skill level 10 in Fighting
  9252 | D:8      | Noticed Psyche
  9261 | D:8      | Killed Psyche
  9262 | D:8      | Reached skill level 14 in Axes
  9584 | D:8      | Reached XP level 10. HP: 48/94 MP: 9/9
 10936 | D:9      | Reached ***** piety under Trog
 10998 | D:9      | Found Zofimosh's Book Shop.
 11417 | D:10     | Entered Level 10 of the Dungeon
 11493 | D:10     | Found a radiant altar of Vehumet.
 11514 | D:10     | Reached skill level 15 in Axes
 12015 | D:10     | Noticed a two-headed ogre
 12020 | D:10     | Killed a two-headed ogre
 12021 | D:10     | Reached skill level 5 in Armour
 12154 | D:10     | Found a shadowy altar of Dithmenos.
 12524 | D:9      | Noticed a manticore
 12525 | D:9      | Noticed a centaur warrior
 12531 | D:9      | Killed a centaur warrior
 12532 | D:9      | Reached skill level 16 in Axes
 12532 | D:9      | Reached XP level 11. HP: 23/104 MP: 10/10
 12532 | D:9      | HP: 6/156 [manticore (9)]
 12533 | D:9      | Mangled by a manticore

Illustrated notes

Levels and vault maps discovered:
D:1:      amcnicky_arrival_feature_with_door, layout_loops_ring,
          nrook_mini_vaults
D:2:      layout_basic, kennysheep_generic_room_3
D:3:      layout_loops_ring, elyvilon_altar_4, lemuel_coloured_pillars_altar,
          uniq_grinder, uniq_jessica
D:4:      layout_loops_cross, okawaru_altar_gauntlet_db
D:5:      layout_loops_ring, uniq_blork_the_orc, uniq_sigmund
D:6:      layout_loops_corners, lemuel_crystal_altar, serial_shops,
          nicolae_square_shop, uniq_edmund, uniq_prince_ribbit1, uniq_menkaure,
          uniq_crazy_yiuf_cottage
D:7:      layout_basic, minmay_temple_entry_large_hall, serial_shops, shop,
          serial_undead, serial_undead_b, serial_undead_e, serial_undead_e,
          serial_undead_c, serial_undead_b, minmay_starry_boxes
D:8:      layout_cave_pools, uniq_psyche
D:9:      cheibrodos_elevator_heist, layout_grid_maze, serial_shops,
          nicolae_square_shop
D:10:     layout_long_grid, nicolae_dithmenos_shadow_blocks,
          mainiacjoe_overflow_alcove_4, dpeg_oklobed_lair

Skill      XL: |  1  2  3  4  5  6  7  8  9 10 |
---------------+-------------------------------+-----
Axes           | 4 5 7 8 9 12 14 16 | 16.0
Fighting       | 4 5 6 7 9 10 12 | 12.0
Armour         | 6 |  6.2
Dodging        | |  2.1

Action                   |  1- 3 |  4- 6 |  7- 9 | 10-12 || total
-------------------------+-------+-------+-------+-------++-------
Melee: Hand axe          |    61 |    43 |   242 |       ||   346
       Headbutt          |     7 |     5 |    64 |    16 ||    92
       War axe           |       |       |    80 |    87 ||   167
Invok: Berserk           |     1 |     2 |    11 |     3 ||    17
       Trog's Hand       |       |       |     1 |     1 ||     2
       Brothers in Arms  |       |       |       |     2 ||     2
Armor: Animal skin       |    17 |     7 |    12 |       ||    36
       Scale mail        |       |       |    55 |       ||    55
       Chain mail        |       |       |     3 |       ||     3
       Plate armour      |       |       |       |    43 ||    43
Dodge: Dodged            |    44 |    40 |   140 |    18 ||   242

Table legend: (Time is in decaauts)
 A = Elapsed time spent in this place.
 B = Non-inter-level travel time spent in this place.
 C = Inter-level travel time spent in this place.
 D = Time resting spent in this place.
 E = Time spent auto-exploring this place.
 F = Levels seen in this place.
 G = Mean time per level.
                   A        B        C        D        E       F      G
               +--------+--------+--------+--------+--------+-----+--------+
         Total |  12605 |  12153 |    452 |   3657 |   7209 |  10 | 1260.5 |
       Dungeon |  12605 |  12153 |    452 |   3657 |   7209 |  10 | 1260.5 |
               +--------+--------+--------+--------+--------+-----+--------+

Top non-repeatable levels by time:
     D:6: 3616 daAuts
     D:9: 1205 daAuts
     D:1: 1165 daAuts
    D:10: 1101 daAuts
     D:8: 1048 daAuts
     D:7: 958 daAuts
     D:5: 943 daAuts
     D:4: 922 daAuts
     D:3: 837 daAuts
     D:2: 806 daAuts
